 Dungeon Crawl Stone Soup version 0.29.1-2-gbd0b4ee654 (webtiles) character file.

Game seed: 2951464072790510699

590 croobank the Caller (level 7, -12/46 HPs)
             Began as an Octopode Summoner on Nov 23, 2022.
             Was an Initiate of Gozag.
             Mangled by a gnoll sergeant
             ... wielding a +0 spear
              (16 damage)
             ... on level 6 of the Dungeon.
             The game lasted 00:24:21 (4945 turns).

croobank the Caller (Octopode Summoner)             Turns: 4945, Time: 00:24:22

Health: -12/46     AC:  1    Str:  7    XL:     7   Next: 39%
Magic:  3/12       EV: 14    Int: 20    God:    Gozag
Gold:   186        SH:  0    Dex: 12    Spells: 4/13 levels left

rFire   . . .      SeeInvis .   c - +0 hand axe (freeze)
rCold   . . .      Faith    .   (no shield)
rNeg    . . .      Spirit   .   (helmet restricted)
rPois   .          Reflect  .   (no amulet)
rElec   .          Harm     .   (no ring)
rCorr   .          Rampage  .   (no ring)
Will    .....                   (no ring)
Stlth   ++++......              (no ring)
HPRegen 0.15/turn               (no ring)
MPRegen 0.13/turn               (no ring)
                                (no ring)
                                (no ring)

@: no status effects
A: almost no armour, amphibious, 8 rings, camouflage 1, gelatinous body 1,
(nimble swimmer 1), tentacles
a: Renounce Religion, Potion Petition, Call Merchant, Bribe Branch


You were on level 6 of the Dungeon.
You worshipped Gozag.
Gozag was aware of your devotion.
You visited 2 branches of the dungeon, and saw 6 of its levels.
You also visited: Sewer.

You collected 252 gold pieces.
You paid 66 gold pieces to Gozag.

Inventory:

Hand Weapons
 a - a +0 hand axe
 c - a +0 hand axe of freezing (weapon)
 d - a +0 dagger
 k - a +1 vorpal sling
 u - a +3 dagger of electrocution
Missiles
 e - a javelin
 g - 4 curare-tipped darts (quivered)
Magical Staves
 f - a staff of death
Jewellery
 n - an amulet of guardian spirit
 r - a ring of fire
Wands
 s - a wand of charming (13)
Scrolls
 j - 3 scrolls of teleportation
 o - 5 scrolls of identify
 t - a scroll of enchant armour
 v - a scroll of butterflies
Potions
 b - 3 potions of curing
 h - a potion of invisibility
 i - 2 potions of attraction {unknown}
 l - a potion of mutation
 m - a potion of flight
 p - a potion of might
 q - 2 potions of heal wounds {unknown}


   Skills:
 + Level 3.0 Fighting
 + Level 3.7 Dodging
 - Level 5.0 Stealth
 + Level 3.5 Spellcasting
 + Level 2.2 Hexes
 + Level 5.2 Summonings


You had 4 spell levels left.
You knew the following spells:

 Your Spells              Type           Power      Damage    Failure   Level
a - Summon Small Mammal   Summ           96%        N/A       1%          1
b - Call Imp              Summ           24%        N/A       2%          2
c - Call Canine Familiar  Summ           24%        N/A       4%          3
d - Summon Guardian Gole  Hex/Summ       18%        N/A       9%          3

Your spell library contained the following spells:

 Spells                   Type           Power      Damage    Failure   Level
 Sandblast                Erth           6%         2d5       14%         1
 Passwall                 Tmut/Erth      2%         N/A       21%         2
 Stone Arrow              Conj/Erth      6%         3d7       38%         3
 Summon Lightning Spire   Summ/Air       14%        N/A       41%         4


Dungeon Overview and Level Annotations

Branches:
Dungeon (4/15)             Temple (1/1) D:4           Sewer (visited)

Altars:
Ashenzari
Cheibriados
Dithmenos
Elyvilon
Fedhas
Gozag
Hepliaklqana
Makhleb
Qazlal
Ru
Sif Muna
Trog
Uskayaw
Vehumet
Wu Jian
Xom
Yredelemnul
Zin
The Shining One

Annotations:
D:2 1 runed translucent door, Crazy Yiuf
D:4 1 runed translucent door


Innate Abilities, Weirdness & Mutations

You cannot wear most types of armour.
You are amphibious.
You can wear up to eight rings at the same time.
Your skin changes colour to match your surroundings (Stealth+).
Your rubbery body absorbs attacks. (AC +1, EV +1)
((You are camouflaged when in or above water. (Stealth+)))
You have tentacles for arms and can constrict up to eight enemies at once.


Message History

What are your orders? t - Shout!
Orders for allies: a - Attack new target. r - Retreat! s - Stop attacking. g - Guard the area. f - Follow me.
Anything else - Cancel.
Gang up on whom?
Press: ? - help, Dir - move target, f - gnoll sergeant
Aim: a gnoll sergeant, wielding a +0 spear, wearing a +0 ring mail and wearing a +2 buckler (lightly wounded, ally target) Attack!
Your crimson imp disappears in a puff of smoke!
Your bat barely misses the gnoll sergeant.
What are your orders? t - Shout!
Orders for allies: a - Attack new target. p - Attack previous target. r - Retreat! s - Stop attacking. g - Guard the area. f - Follow me.
Anything else - Cancel.
Gang up on whom?
Press: ? - help, Dir - move target, f/p - gnoll sergeant
Aim: a gnoll sergeant, wielding a +0 spear, wearing a +0 ring mail and wearing a +2 buckler (lightly wounded, ally target) Attack!
Your bat disappears in a puff of smoke!
The gnoll sergeant hits you with a +0 spear!
The gnoll sergeant blocks your attack.
Your grab misses the gnoll sergeant.
The gnoll sergeant hits you with a +0 spear!
* * * LOW HITPOINT WARNING * * *
You feel better.
The gnoll sergeant hits you with a +0 spear.
* * * LOW HITPOINT WARNING * * *
You hit the gnoll sergeant but do no damage.
You grab the gnoll sergeant. You constrict the gnoll sergeant.
The gnoll sergeant hits you with a +0 spear.
* * * LOW HITPOINT WARNING * * *
The gnoll sergeant blocks your attack. x2
The gnoll sergeant is lightly wounded.
You constrict the gnoll sergeant, but do no damage.
The gnoll sergeant hits you with a +0 spear!
You die...
Your body crumbles into a pile of gold.

........$........##
#.....#
.......$..........###...#
......>............##...#
........$...............#
...........##....#.#....#
..###......#.....####..##
. #####.9....### ##...
##g#...### ###.#
#.@......# # #........#
#.####...#
..######.......##
#................
#........##.#.##.#
#..##.#..# .#.# .# .
...#..# ... . ... ...# .


You could see a gnoll sergeant (ally target) and a friendly guardian golem
(summoned, inner flame).

Vanquished Creatures
  Jessica (D:2)
  5 adders
  A worm (D:2)
  4 dart slugs
  2 orcs (D:4)
  5 bats
  2 endoplasms
  9 giant cockroaches
  9 goblins
  10 hobgoblins
  3 jackals (D:2)
  2 kobolds (D:4)
  3 quokkas
  8 ball pythons
  13 frilled lizards
  5 rats
82 creatures vanquished.

Vanquished Creatures (collateral kills)
  2 bullfrogs (Sewer)
  A howler monkey (D:4)
  A jelly (D:4)
  An orc priest (D:3)
  Terence (D:2)
  An orc wizard (D:4)
  3 gnolls (D:6)
  2 adders
  A worm (D:3)
  6 orcs
  A ball python (D:1)
  3 bats
  An endoplasm (D:2)
  A giant cockroach (D:1)
  5 goblins
  A hobgoblin (D:2)
  A jackal (D:2)
  2 kobolds
  A quokka (D:1)
  A frilled lizard (D:2)
  A goblin skeleton (D:4)
  A kobold skeleton (D:4)
  3 rats
41 creatures vanquished.

Vanquished Creatures (others)
  A jelly (D:4)
  An iguana (D:4)
  An orc (D:4)
  A plant (D:4)
4 creatures vanquished.

Grand Total: 127 creatures vanquished

Notes
Turn   | Place    | Note
-------+----------+-------------------------------------------
     0 | D:1      | croobank the Octopode Summoner began the quest for the Orb.
     0 | D:1      | Reached XP level 1. HP: 11/11 MP: 3/3
   371 | D:1      | Reached XP level 2. HP: 18/18 MP: 3/5
   375 | D:1      | Learned a level 2 spell: Call Imp
   781 | D:1      | Found a faded altar of an unknown god.
  1028 | D:2      | Reached XP level 3. HP: 22/22 MP: 1/6
  1037 | D:2      | Learned a level 3 spell: Call Canine Familiar
  1136 | D:2      | Reached skill level 1 in Fighting
  1234 | D:2      | Noticed Terence
  1293 | D:2      | Killed Terence
  1294 | D:2      | Reached XP level 4. HP: 28/28 MP: 4/7
  1822 | D:2      | Noticed Jessica
  1828 | D:2      | Killed Jessica
  1829 | D:2      | Reached XP level 5. HP: 30/34 MP: 7/9
  1838 | D:2      | Learned a level 3 spell: Summon Guardian Golem
  2093 | D:2      | Found a runed translucent door.
  2094 | D:2      | Noticed Crazy Yiuf
  2498 | D:3      | Found a glowing drain.
  2525 | Sewer    | Entered a sewer
  2697 | Sewer    | Reached skill level 1 in Hexes
  2831 | Sewer    | Reached XP level 6. HP: 20/39 MP: 4/10
  3178 | D:3      | Found a shadowy altar of Dithmenos.
  3806 | D:4      | Reached skill level 5 in Stealth
  3846 | D:4      | Found a runed translucent door.
  3846 | D:4      | Noticed a human
  3848 | D:4      | Found a basalt altar of Yredelemnul.
  4134 | D:4      | Reached XP level 7. HP: 37/45 MP: 11/11
  4210 | D:4      | Found a staircase to the Ecumenical Temple.
  4221 | Temple   | Entered the Ecumenical Temple
  4313 | Temple   | Became a worshipper of Gozag Ym Sagoz the Greedy
  4397 | D:4      | Reached skill level 5 in Summonings
  4878 | D:4      | Identified the +2 cloak of the Harvest {Rampage +Blink
                  | +Inv}
  4878 | D:4      | You fall into a shaft and drop 2 floors!
  4909 | D:6      | Identified the +3 ring mail "Civaitt" {rCorr Str-4 Slay+5}
  4945 | D:6      | Mangled by a gnoll sergeant

Illustrated notes

Levels and vault maps discovered:
D:1:      grunt_arrival_lava_bath, layout_loops_ring,
          chequers_ecumenical_altar_lobes, chequers_mini_garden,
          amcnicky_mini_pool_small, minmay_statues_item, supply_closet_lemuel,
          minmay_tetromino_t2
D:2:      layout_loops_ring, kennysheep_jessica_study, uniq_terence,
          uniq_crazy_yiuf_cottage
D:3:      layout_rooms, nicolae_dithmenos_the_darkroom,
          cheibrodos_sewer_entry_sluice, wad_floor_pattern_1
D:4:      corexii_shack_village, layout_loops_cross, dk_yredelemnul_ordeal,
          minmay_temple_entry_crystal_x
D:6:      minmay_chambers_of_sixes, layout_cave_pools, minmay_diced_spiral
Temple:   nicolae_temple_bog_church

Skill      XL: |  1  2  3  4  5  6  7 |
---------------+----------------------+-----
Stealth        | 3 4 5 |  5.0
Fighting       | 1 2 3 |  3.0
Dodging        | 3 |  3.7
Hexes          | 1 2 |  2.2
Spellcasting   | 3 |  3.5
Summonings     | 5 |  5.2

Action                   |  1- 3 |  4- 6 |  7- 9 || total
-------------------------+-------+-------+-------++-------
Melee: Dagger            |    26 |    39 |       ||    65
       Constrict         |     9 |    36 |     3 ||    48
       Tentacles         |     5 |    22 |     1 ||    28
       Punch             |     1 |     3 |       ||     4
       Hand axe          |       |    88 |    11 ||    99
Throw: Javelin           |       |     2 |       ||     2
 Cast: Summon Small Mamm |    15 |     5 |     5 ||    25
       Call Imp          |     6 |     4 |     3 ||    13
       Call Canine Famil |     5 |     7 |     6 ||    18
       Summon Guardian G |       |       |     3 ||     3
  Use: Potion            |     1 |     1 |     1 ||     3
       Scroll            |       |    10 |       ||    10
 Stab: Sleeping          |     4 |    28 |     1 ||    33
Armor: Skin              |       |    10 |       ||    10
Dodge: Dodged            |     8 |    91 |    13 ||   112
